Match 47473228
Unlisted

Match 47473228
End
Panzergrenadier Squad
Selects Armored Support Battlegroup
Selects Armored Support Battlegroup
Panzergrenadier Squad
Panzerpioneer Squad
Construct Light Support Kompanie
Selects Superior Fire Drills
2.5-tonne Medical Truck
Panzerjäger Squad
Fire Support Elements
Pak 38 Anti-tank Gun Team
Assault Mechanized Group
Construct Mechanized Kompanie
Marder III Tank Destroyer
Selects Vehicle Awareness
Selects Panzer Storm
Vehicle Awareness
Marder III Tank Destroyer
Tungsten Core Ammunition
Advanced Optics
MG34 Team
Pak 38 Mechanized Group
Vehicle Awareness
**FR4GI**ger
John (mAsi) Vitutus
prestory3
寶兔兔
Jm200092
Jonesy
Some_Devil
szwed
0
0

Comments sign in to comment!

No comments posted yet!